 Dungeon Crawl Stone Soup version 0.20.1-1-g8b1a95d (webtiles) character file.

1818704 Savaroth the Conqueror (level 27, 245/245 HPs)
             Began as a Minotaur Berserker on Aug 6, 2017.
             Was the Champion of Trog.
             Escaped with the Orb
             ... and 3 runes on Aug 7, 2017!
             The game lasted 06:15:31 (63296 turns).

Savaroth the Conqueror (Minotaur Berserker)        Turns: 63296, Time: 06:15:32

Health: 245/245    AC: 45    Str: 44    XL:     27
Magic:  22/22      EV: 32    Int:  2    God:    Trog [******]
Gold:   4521       SH:  4    Dex: 12    Spells: 26/26 levels left

rFire    + + .     SeeInvis .   W - +5 executioner's axe (chop)
rCold    + . .     Gourm    .   (shield currently unavailable)
rNeg     . . .     Faith    +   R - +6 gold dragon scales
rPois    +         Spirit   .   E - +0 hat "Huom" {MR+++ Regen+ Str+3 Int-2}
rElec    +         Reflect  .   a - +2 cloak {rF+}
rCorr    .         Harm     .   x - +2 pair of gloves
MR       +++++                  N - +2 pair of boots
Stlth    ..........             Q - amulet "Ecosab" {Faith rElec Str+4}
Regen    0.9/turn               O - +5 ring of evasion
MPRegen  0.2/turn               H - +4 ring of evasion

@: no status effects
A: retaliatory headbutt, beak, horns 2, large bone plates 1, blink, frail 1, low
mp 1, strong 2, no potion heal 1
0: Orb of Zot
}: 3/15 runes: decaying, silver, gossamer
a: Blink, Berserk, Trog's Hand, Brothers in Arms, Burn Spellbooks, Renounce
Religion


You escaped.
You worshipped Trog.
Trog was exalted by your worship.
You were very hungry.

You visited 9 branches of the dungeon, and saw 49 of its levels.
You visited the Abyss 1 time.
You visited 1 bazaar.
You also visited: Ice Cave, Volcano and Desolation.

You collected 7171 gold pieces.
You spent 2650 gold pieces at shops.

Inventory:

Hand Weapons
 C - a +3 vampiric battleaxe
 V - the +10 dark maul {crush}
   (You found it on level 5 of the Vaults)

   It inflicts extra damage upon your enemies.
 W - a +5 executioner's axe of chopping (weapon)
 Z - a +2 antimagic executioner's axe
Armour
 a - a +2 cloak of fire resistance (worn)
 x - a +2 pair of gloves (worn)
 E - the +0 hat "Huom" (worn) {MR+++ Regen+ Str+3 Int-2}
   (You bought it in a shop on level 13 of the Dungeon)

   It affects your strength (+3).
   It affects your intelligence (-2).
   It affects your resistance to hostile enchantments.
   It increases your rate of regeneration.
 I - the +2 hat "Ebleecw" {MP+9}
   (You acquired it on level 6 of the Lair of Beasts)

   It affects your magic capacity (+9).
 K - +3 fire dragon scales {Xtahua}
 N - a +2 pair of boots (worn)
 R - +6 gold dragon scales (worn)
Jewellery
 p - an uncursed ring of protection from cold
 s - an uncursed ring of fire
 t - a +3 ring of slaying
 v - an uncursed ring of see invisible
 H - a +4 ring of evasion (right hand)
 J - an uncursed ring of positive energy
 L - an uncursed ring of protection from cold
 M - an uncursed ring of poison resistance
 O - a +5 ring of evasion (left hand)
 Q - the amulet "Ecosab" (around neck) {Faith rElec Str+4}
   (You took it off a deep elf sorcerer on level 3 of the Elven Halls)

   [amulet of faith]

   It allows you to gain divine favour quickly.
   It affects your strength (+4).
   It insulates you from electricity.
 S - a +3 amulet of reflection
Wands
 D - a wand of disintegration (10/24)
 U - a wand of digging (19/24)
 Y - a wand of clouds (4/9)
Scrolls
 b - 11 scrolls of recharging
 e - 2 scrolls of brand weapon
 h - 19 scrolls of identify
 n - 4 scrolls of magic mapping
 w - 6 scrolls of fog
 y - 2 scrolls of holy word
 A - 2 scrolls of blinking
 F - 15 scrolls of teleportation
 X - 21 scrolls of remove curse
Potions
 d - 2 potions of mutation
 g - 3 potions of invisibility
 j - 8 potions of lignification
 k - 7 potions of haste
 l - 14 potions of flight
 o - 6 potions of might
 q - 4 potions of ambrosia
 r - 23 potions of curing
 u - 6 potions of agility
 z - 3 potions of resistance
 B - 5 potions of berserk rage
 G - a potion of heal wounds
 P - 8 potions of brilliance
 T - 4 potions of cancellation
Comestibles
 c - 20 bread rations
 f - 13 fruits
 i - 25 meat rations
 m - 15 royal jellies


   Skills:
 O Level 27 Fighting
 O Level 27 Axes
 + Level 13.4(21.8) Maces & Flails
 O Level 27 Armour
 O Level 27 Dodging
 - Level 4.0 Evocations


You had 26 spell levels left.
You didn't know any spells.

Dungeon Overview and Level Annotations

Branches:
Dungeon (15/15)            Temple (0/1) D:6            Lair (6/6) D:9
  Swamp (4/4) Lair:2       Spider (4/4) Lair:4        Slime (0/5) Lair:6
    Orc (2/2) D:10            Elf (3/3) Orc:2        Vaults (5/5) D:14
  Crypt (0/3) Vaults:2     Depths (5/5) D:15            Zot (5/5) Depths:5

Altars:
Ashenzari
Cheibriados
Elyvilon
Kikubaaqudgha
Makhleb
Nemelex Xobeh
Okawaru
Qazlal
Ru
Sif Muna
Uskayaw
Vehumet
Yredelemnul
The Shining One
Beogh

Shops:
D:6 ((}   D:13 [   D:14 :   Orc:2 **([   Vaults:1 ?[?   Depths:5 =}=

Portals:
Hell: Depths:1 Depths:2 Depths:3 Depths:4 Depths:5
Abyss: Depths:1 Depths:4
Pandemonium: Depths:3 Depths:4
Ziggurat: Depths:3

Annotations:
Lair:6 exclusion: oklob plant
Depths:4 2 runed doors


Innate Abilities, Weirdness & Mutations

You reflexively headbutt those who attack you in melee.
You have a pair of horns on your head.
You have a beak for a mouth.
You are partially covered in large bone plates. (SH +4)
You can translocate small distances at will.
You are frail. (-10% HP)
Your magical capacity is low. (-10% MP)
Your muscles are very strong. (Str +4)
Potions are less effective at restoring your health.


Message History

Trog accepts your kill.
The ufetubus disappears in a puff of smoke!
There is a stone staircase leading up here.
You climb upwards.
There is a stone staircase leading down here.
You are feeling very hungry.
A ynoxinul comes into view.
The ynoxinul bellows!
The ynoxinul gestures at you. The iron shot misses you.
You chop the ynoxinul into pieces!!!
You kill the ynoxinul!
Trog accepts your kill.
Things that are here:
2 stones; a club
There is an open door here.
You see here a stone.
A chaos spawn comes into view.
There is a staircase leading out of the dungeon here.
You have escaped!

...##..........#######
.#............(.(...(#
...............#(#####
#...(..........#.##
..##...........#..##
.####....#######...##
(# #..#.....###....##
.## ##..#######......##
..## #..#.'.....@.....#
...####...#####......##
....# #.......##4...##
..#.####.###...#...##
..#..###..###..#..##
..##..###.# ####.##
######## #####.###.#
##'######......##
#...#.#
#......#........##
###...#
#...##..)....(...#


You could see a chaos spawn.

Vanquished Creatures
  2 ancient liches (Zot:5)
  A juggernaut (Depths:4)
  7 orbs of fire
  Mennas (Vaults:3)
  Boris (Vaults:2)
  The ghost of Rhok the Slayer, a veteran BaFi of Ru (Zot:2)
  Saint Roka (Vaults:5)
  5 Killer Klowns (Zot:5)
  3 curse toes
  The ghost of Artagas the Executioner, an adept HOMo of Beogh (Vaults:5)
  4 caustic shrikes
  The ghost of Savaroth the Slayer, an adept MiBe of Trog (Depths:3)
  11 golden dragons
  the Enchantress (Depths:3)
  6 liches
  5 electric golems
  10 tentacled monstrosities
  Rupert (D:13)
  2 deep elf blademasters (Elf:3)
  28 Orb Guardians
  2 Ice Fiends
  6 quicksilver dragons
  4 titans
  A deep elf master archer (Elf:2)
  A tentacled starspawn (Abyss:3)
  An Executioner (Depths:2)
  11 death cobs
  9 sphinxes
  11 shadow dragons
  A sphinx (shapeshifter) (Vaults:5)
  Donald (Swamp:2)
  An ancient champion (Vaults:2)
  2 storm dragons (shapeshifter)
  16 tengu reavers
  16 storm dragons
  Roxanne (Spider:1)
  A draconian monk (Zot:3)
  17 fire giants
  6 deep elf sorcerers
  6 vault wardens
  18 frost giants
  6 ghost moths
  A frost giant (shapeshifter) (Depths:3)
  5 draconian knights
  7 deep elf elementalists
  2 orc warlords
  Aizul (Elf:2)
  4 draconian scorchers
  8 iron dragons
  An imperial myrmidon (Desolation)
  5 draconian shifters
  4 emperor scorpions
  2 draconian stormcallers
  19 ironheart preservers
  6 spriggan defenders
  14 very ugly things
  4 draconian annihilators
  25 stone giants
  2 war gargoyles
  4 deep elf demonologists (Elf:3)
  A stone giant (shapeshifter) (Vaults:5)
  12 yellow draconians
  8 vampire knights
  8 black draconians
  6 green draconians
  7 purple draconians
  A dire elephant (D:15)
  9 deep elf annihilators
  3 red draconians
  7 spark wasps
  9 white draconians
  13 fire dragons
  Josephine (D:10)
  4 crystal guardians
  9 deep elf death magi
  20 ettins
  A jiangshi (Depths:1)
  7 deep elf high priests
  4 great orbs of eyes
  Erolcha (D:11)
  2 ragged hierophants (Desolation)
  25 vault guards
  15 ice dragons
  7 rakshasas
  Harold (Orc:1)
  15 yaktaur captains
  15 spriggan air magi
  23 hydras
  A peacekeeper (Desolation)
  2 juggernaut simulacra (Depths:3)
  11 tengu warriors
  10 centaur warriors
  25 dancing weapons
  Erica (Lair:1)
  23 ogre magi
  A large abomination (Vaults:5)
  44 two-headed ogres
  17 deep troll shamans
  19 deep troll earth magi
  8 alligators
  Urug (D:13)
  6 vampire magi
  6 death yaks (Lair:6)
  3 orc high priests (Orc:2)
  13 spriggan berserkers
  23 deep elf knights
  35 slime creatures
  4 small abominations
  A sixfirhy (Abyss:3)
  4 skeletal warriors
  A fire crab (Lair:6)
  11 hell knights
  4 iron trolls
  A death drake (shapeshifter) (Depths:3)
  Nergalle (D:10)
  A salamander mystic (Volcano)
  6 flayed ghosts
  4 shadow wraiths
  38 deep trolls
  3 spriggan druids
  A swamp dragon (shapeshifter) (Vaults:5)
  6 unseen horrors
  2 wizards (Vaults:1)
  14 deep elf archers
  3 harpies (Vaults:1)
  6 glowing orange brains
  4 phantasmal warriors
  A lindwurm (shapeshifter) (Depths:5)
  9 swamp dragons
  5 necromancers
  A mana viper (shapeshifter) (Depths:3)
  16 ironbrand convokers
  A wolf spider zombie (D:14)
  5 human zombies
  17 orc knights
  44 ugly things
  33 wolf spiders
  2 manticores (shapeshifter)
  A frost giant zombie (Vaults:3)
  15 orb spiders
  3 orc sorcerers
  2 fauns (shapeshifter)
  87 deep elf magi
  2 lindwurms (Lair:6)
  7 salamanders
  2 cyclopes (shapeshifter)
  4 manticores
  5 cyclopes
  Maurice (D:8)
  A stone giant zombie (Vaults:1)
  20 moths of wrath
  A stone giant skeleton (Vaults:2)
  4 guardian serpents (Desolation)
  A rust devil (D:14)
  A naga mage (Depths:3)
  15 vault sentinels
  A black mamba (Lair:6)
  A yaktaur zombie (Vaults:1)
  22 elephants
  A gargoyle (D:10)
  4 centaur zombies
  3 torpor snails
  20 spiny frogs
  A smoke demon (Depths:2)
  An orange demon (D:6)
  2 spiny frogs (shapeshifter) (Vaults:1)
  2 ice statues (IceCv)
  A storm dragon simulacrum (Vaults:3)
  5 rime drakes
  2 kobold demonologists
  27 yaktaurs
  15 demonic crawlers
  An ice devil (Depths:5)
  4 human skeletons
  11 freezing wraiths
  10 komodo dragons
  An anaconda simulacrum (Depths:3)
  A yaktaur (shapeshifter) (Depths:1)
  4 hellwings
  An ancient zyme (Zot:5)
  7 polar bears
  33 jumping spiders
  A troll (shapeshifter) (Vaults:3)
  4 tengu conjurers
  3 meliai (D:12)
  A queen bee (shapeshifter) (Depths:4)
  15 trolls
  Prince Ribbit (D:9)
  2 tyrant leeches
  3 saltlings (Desolation)
  10 blink frogs
  A merfolk (shapeshifter) (Depths:3)
  10 hippogriffs
  21 hornets
  A hippogriff (shapeshifter) (Depths:1)
  12 bog bodies
  2 meliai zombies (D:14)
  2 dream sheep (shapeshifter)
  A stone giant simulacrum (Vaults:4)
  22 tarantellas
  A centaur simulacrum (D:15)
  10 spriggans
  62 redbacks
  A ynoxinul (D:1)
  5 air elementals
  3 water elementals
  2 wyverns
  6 wraiths
  An elf zombie (Vaults:1)
  3 shadows
  A hog (shapeshifter) (Vaults:1)
  5 basilisks
  A chaos spawn (D:11)
  26 yaks
  2 fire elementals
  3 hungry ghosts
  A neqoxec (D:2)
  18 vampire mosquitoes
  A warg (shapeshifter) (Vaults:5)
  24 insubstantial wisps
  3 soldier ants
  5 human simulacra
  An acid dragon (shapeshifter) (Vaults:2)
  15 swamp worms
  11 water moccasins
  A soldier ant (shapeshifter) (Vaults:3)
  5 wargs
  A floating eye (Depths:4)
  2 acid dragons
  13 porcupines
  Duvessa (D:4)
  A hornet zombie (D:14)
  3 sky beasts
  13 swamp drakes
  46 orc warriors
  3 black bears (D:9)
  22 ice beasts
  An orc zombie (Vaults:2)
  An eye of draining (shapeshifter) (Depths:5)
  44 ogres
  4 phantoms
  The ghost of bli the Skirmisher, an amateur FoAK of Lugonu (D:3)
  15 wolves
  15 boggarts
  13 centaurs
  9 crocodiles
  An elf simulacrum (Vaults:1)
  A big kobold (D:8)
  A big kobold (shapeshifter) (Depths:1)
  25 bullfrogs
  4 earth elementals
  A deep troll simulacrum (Vaults:4)
  Dowan (D:4)
  2 wyvern skeletons
  5 scorpions
  A water moccasin skeleton (D:11)
  38 killer bees
  9 wights
  7 electric eels
  7 howler monkeys
  6 crimson imps
  2 bullfrog zombies
  2 quasits
  3 bullfrog skeletons
  7 hounds
  5 jellies
  31 orc wizards
  23 orc priests
  5 centaur skeletons
  4 iguanas
  4 hell rats (Lair:3)
  7 worker ants
  2 hound zombies
  A howler monkey zombie (D:9)
  2 worker ant zombies
  3 gnolls (D:4)
  8 adders
  4 shadow imps
  14 white imps
  An ufetubus (D:14)
  4 oozes
  3 worms
  6 dart slugs
  5 leopard geckos
  137 orcs
  A ball python (D:1)
  7 giant cockroaches
  10 goblins
  6 hobgoblins
  18 jackals
  10 kobolds
  9 quokkas
  A bat (shapeshifter) (Vaults:5)
  7 bats
  6 frilled lizards
  A leopard gecko zombie (D:6)
  A quokka skeleton (D:5)
  8 rats
  2 crawling corpses (Vaults:5)
  7 fungi
  2 plants (Lair:6)
2454 creatures vanquished.

Vanquished Creatures (collateral kills)
  Xtahua (Vaults:3)
  A Killer Klown (Zot:5)
  Jory (Vaults:3)
  Arachne (Spider:4)
  A tentacled monstrosity (Depths:4)
  Frances (D:12)
  A shadow dragon (Zot:3)
  2 ghost moths (Spider:4)
  Louise (Swamp:4)
  An iron dragon (Depths:3)
  2 emperor scorpions (Spider:4)
  2 draconian annihilators (Zot:3)
  An ironheart preserver (Vaults:4)
  3 entropy weavers
  A black draconian (Zot:3)
  A yellow draconian (Zot:3)
  A jiangshi (Depths:1)
  A deep elf high priest (Elf:3)
  2 yaktaur captains
  4 servants of whispers (Desolation)
  2 hydras (Swamp:4)
  A catoblepas (Lair:6)
  An ogre mage (Depths:1)
  6 two-headed ogres (Depths:1)
  A dancing weapon (Depths:3)
  A hell knight (Volcano)
  2 skeletal warriors (Vaults:2)
  A swamp dragon (Swamp:4)
  An ironbrand convoker (Desolation)
  7 orb spiders
  3 wolf spiders
  3 ugly things (Depths:1)
  2 moths of wrath (Spider:4)
  A vault sentinel (Vaults:3)
  A black mamba (Lair:6)
  A guardian serpent (shapeshifter) (Vaults:4)
  A storm dragon simulacrum (Vaults:2)
  2 demonic crawlers (Spider:4)
  4 yaktaurs
  5 jumping spiders (Spider:4)
  A queen bee (D:12)
  2 hornets
  A bog body (Swamp:4)
  2 saltlings (Desolation)
  2 dream sheep (Lair:6)
  2 tarantellas (Spider:4)
  6 redbacks
  A swamp drake (Swamp:4)
  A black bear (shapeshifter) (Vaults:4)
  An ogre (Vaults:3)
  3 killer bees (D:12)
  4 electric eels (Lair:2)
  An iguana (D:10)
  2 orcs (Vaults:2)
104 creatures vanquished.

Vanquished Creatures (others)
  An eldritch tentacle (Depths:2)
  A draconian knight (Zot:3)
  A vampire knight (Depths:4)
  A deep troll shaman (Depths:4)
  A deep elf archer (Elf:2)
  A komodo dragon (Swamp:1)
  A basilisk (Lair:6)
  A boggart (Vaults:1)
  An orc wizard (Vaults:5)
  A bush (Swamp:4)
  28 fungi
  16 plants
  4 starspawn tentacles (Abyss:3)
58 creatures vanquished.

Grand Total: 2616 creatures vanquished

Notes
Turn   | Place    | Note
-------+----------+-------------------------------------------
     0 | D:1      | Savaroth the Minotaur Berserker began the quest for the Orb.
     0 | D:1      | Reached XP level 1. HP: 19/19 MP: 0/0
   197 | D:1      | Reached XP level 2. HP: 21/26 MP: 1/1
   464 | D:1      | Reached skill level 5 in Axes
   622 | D:2      | Reached ** piety under Trog
   622 | D:2      | Reached XP level 3. HP: 24/31 MP: 2/2
  1054 | D:2      | Found a faded altar of an unknown god.
  1109 | D:2      | Reached XP level 4. HP: 23/39 MP: 3/3
  1740 | D:3      | Noticed bli's ghost (amateur FoAK)
  1749 | D:3      | Killed bli's ghost
  1749 | D:3      | Reached XP level 5. HP: 45/45 MP: 4/4
  2219 | D:3      | Found a basalt altar of Yredelemnul.
  2401 | D:3      | Reached *** piety under Trog
  2597 | D:3      | Found an ancient bone altar of Kikubaaqudgha.
  2601 | D:3      | Found a deep blue altar of Sif Muna.
  2602 | D:3      | Found a radiant altar of Vehumet.
  2604 | D:3      | Identified Kikubaaqudgha's Tome of Dark Rites
  2674 | D:4      | Found a sparkling altar of Nemelex Xobeh.
  2699 | D:4      | Reached XP level 6. HP: 40/51 MP: 5/5
  3028 | D:4      | Noticed Duvessa
  3038 | D:4      | Noticed Dowan
  3045 | D:4      | Killed Duvessa
  3054 | D:4      | Killed Dowan
  3054 | D:4      | Reached XP level 7. HP: 19/57 MP: 6/6
  3275 | D:4      | Found a shattered altar of Ashenzari.
  3521 | D:4      | Reached skill level 10 in Axes
  3626 | D:4      | Found a hide-covered altar of Uskayaw.
  3626 | D:4      | Found a glowing golden altar of the Shining One.
  3627 | D:4      | Found a shattered altar of Ashenzari.
  3640 | D:4      | Found a white marble altar of Elyvilon.
  3883 | D:5      | Entered Level 5 of the Dungeon
  4394 | D:5      | Reached **** piety under Trog
  4591 | D:6      | Received a gift from Trog
  4636 | D:6      | Reached XP level 8. HP: 51/64 MP: 7/7
  4646 | D:6      | Found Efalom's Gadget Boutique.
  4760 | D:6      | Found a staircase to the Ecumenical Temple.
  4762 | D:6      | Noticed a hippogriff
  4776 | D:6      | Killed a hippogriff
  4884 | D:6      | Found Bopac's Antique Weapon Shoppe.
  4943 | D:6      | Found Hihad's Weapon Shop.
  5613 | D:7      | Found a stormy altar of Qazlal.
  5663 | D:7      | Noticed an unseen horror
  5684 | D:7      | Killed an unseen horror
  5684 | D:7      | Reached XP level 9. HP: 61/70 MP: 8/8
  6288 | D:8      | Found a snail-covered altar of Cheibriados.
  6396 | D:8      | Reached skill level 15 in Axes
  6679 | D:8      | Noticed Maurice
  6769 | D:8      | Killed Maurice
  7012 | D:8      | Reached XP level 10. HP: 77/77 MP: 9/9
  7163 | D:9      | Reached skill level 5 in Fighting
  7287 | D:9      | Found a staircase to the Lair.
  7547 | D:9      | Found an ancient bone altar of Kikubaaqudgha.
  7548 | D:9      | Noticed Prince Ribbit
  7567 | D:9      | Killed Prince Ribbit
  7678 | D:9      | Reached ***** piety under Trog
  7830 | D:9      | Found a runed door.
  7830 | D:9      | Noticed an unseen horror
  7846 | D:9      | Killed an unseen horror
  7851 | D:9      | Noticed a stone giant
  7867 | D:9      | Killed a stone giant
  7867 | D:9      | Reached skill level 10 in Fighting
  8211 | D:9      | Noticed a two-headed ogre
  8215 | D:9      | Killed a two-headed ogre
  8231 | D:9      | Noticed an ogre mage
  8231 | D:9      | Noticed an ogre mage
  8240 | D:9      | Killed an ogre mage
  8240 | D:9      | Reached XP level 11. HP: 103/103 MP: 10/10
  8241 | D:9      | Killed an ogre mage
  8470 | D:9      | Noticed a two-headed ogre
  8483 | D:9      | Killed a two-headed ogre
  8777 | D:10     | Entered Level 10 of the Dungeon
  8781 | D:10     | Noticed Nergalle
  8804 | D:10     | Killed Nergalle
  8919 | D:10     | Noticed Josephine
  8931 | D:10     | Killed Josephine
  9998 | D:10     | Reached skill level 15 in Fighting
 10535 | D:10     | Found a staircase to the Orcish Mines.
 10789 | D:11     | Received a gift from Trog
 10868 | D:11     | Reached XP level 12. HP: 87/121 MP: 11/11
 11298 | D:11     | Found a frozen archway.
 11315 | IceCv    | Entered an ice cave
 11950 | IceCv    | Noticed an ice dragon
 11951 | IceCv    | Noticed an ice dragon
 11968 | IceCv    | Killed an ice dragon
 12200 | IceCv    | Killed an ice dragon
 12304 | IceCv    | Got a sparkling lead ring
 12308 | IceCv    | Got a crude golden ring
 12318 | IceCv    | Identified the ring of Qool {Fire +Inv rPois Stlth+} (You found it in an ice cave)
 12319 | IceCv    | Identified the ring "Ynisonae" {*Tele *Contam SInv Stlth+} (You found it in an ice cave)
 12556 | D:11     | Noticed a centaur warrior
 12573 | D:11     | Killed a centaur warrior
 12804 | D:11     | Noticed a two-headed ogre
 12811 | D:11     | Killed a two-headed ogre
 13342 | D:11     | Noticed Erolcha
 13355 | D:11     | Killed Erolcha
 13577 | Lair:1   | Entered Level 1 of the Lair of Beasts
 13607 | Lair:1   | Reached skill level 5 in Armour
 14004 | Lair:1   | Received a gift from Trog
 14110 | Lair:1   | Noticed Erica
 14125 | Lair:1   | Killed Erica
 14209 | Lair:1   | Reached XP level 13. HP: 127/127 MP: 12/12
 14897 | Lair:2   | Found a staircase to the Swamp.
 18038 | Lair:3   | Received a gift from Trog
 18266 | D:6      | Bought a runed battleaxe for 247 gold pieces
 18444 | Lair:4   | Found a snail-covered altar of Cheibriados.
 18506 | Lair:4   | Reached skill level 10 in Armour
 18736 | Lair:4   | Found a hole to the Spider Nest.
 19309 | Lair:5   | Found a labyrinth entrance.
 19541 | Lair:5   | Reached skill level 1 in Evocations
 19906 | Lair:6   | Entered Level 6 of the Lair of Beasts
 19939 | Lair:6   | Found a staircase to the Slime Pits.
 20036 | Lair:6   | Found a dark tunnel.
 20045 | Volcano  | Entered a volcano
 20071 | Volcano  | Reached XP level 14. HP: 135/135 MP: 14/14
 20073 | Volcano  | Found a bloodstained altar of Trog.
 20805 | Lair:6   | Identified a scroll of acquirement
 20819 | Lair:6   | Got an encrusted hat
 20820 | Lair:6   | Identified the +2 hat "Ebleecw" {MP+9} (You acquired it on level 6 of the Lair of Beasts)
 20861 | Lair:6   | Gained mutation: Armour fits poorly on your strangely shaped body. [potion of mutation]
 20861 | Lair:6   | Gained mutation: Your muscles are strong. (Str +2) [potion of mutation]
 20861 | Lair:6   | Gained mutation: You are somewhat resistant to further mutation. [potion of mutation]
 21708 | Lair:6   | Got a faintly glowing plate armour
 21709 | Lair:6   | Identified the cursed +0 plate armour of Unoshron {+Blink rN+ Str+2 Dex-5 SInv} (You found it on level 6 of the Lair of Beasts)
 21733 | Lair:6   | Reached skill level 5 in Dodging
 22671 | D:12     | Noticed Frances
 22678 | D:12     | Killed Frances
 22678 | D:12     | Received a gift from Trog
 22678 | D:12     | Reached skill level 15 in Armour
 22907 | D:12     | Lost mutation: Your muscles are strong. (Str +2) [potion of mutation]
 22907 | D:12     | Lost mutation: You are somewhat resistant to further mutation. [potion of mutation]
 22907 | D:12     | Lost mutation: Armour fits poorly on your strangely shaped body. [potion of mutation]
 22907 | D:12     | Gained mutation: You are weak. (Str -2) [potion of mutation]
 22907 | D:12     | Gained mutation: You passively map a small area around you. [potion of mutation]
 23067 | D:12     | Gained mutation: You are very weak. (Str -4) [mutagenic meat]
 23068 | D:12     | Lost mutation: You are very weak. (Str -4) [mutagenic meat]
 23069 | D:12     | Lost mutation: You are weak. (Str -2) [mutagenic meat]
 23513 | D:12     | Reached XP level 15. HP: 141/141 MP: 17/17
 23980 | Orc:1    | Entered Level 1 of the Orcish Mines
 24141 | Orc:1    | Noticed Harold
 24153 | Orc:1    | Killed Harold
 24207 | Orc:2    | Entered Level 2 of the Orcish Mines
 24210 | Orc:2    | Noticed an orc warlord
 24230 | Orc:1    | Killed an orc warlord
 24343 | Orc:2    | Found a roughly hewn altar of Beogh.
 24547 | Orc:2    | Found a roughly hewn altar of Beogh.
 24548 | Orc:2    | Found Cypue's Assorted Antiques.
 24576 | Orc:2    | Bought a lumpy blue potion for 18 gold pieces
 24579 | Orc:2    | Bought a scroll of teleportation for 63 gold pieces
 24581 | Orc:2    | Bought 2 potions of haste for 420 gold pieces
 24625 | Orc:2    | Found a staircase to the Elven Halls.
 24648 | Orc:2    | Found a roughly hewn altar of Beogh.
 24670 | Orc:2    | Found a roughly hewn altar of Beogh.
 24858 | Orc:2    | Found a roughly hewn altar of Beogh.
 24863 | Orc:2    | Found Fadghos's General Store.
 24876 | Orc:2    | Bought a scroll of identify for 26 gold pieces
 24956 | Orc:2    | Noticed an orc warlord
 24972 | Orc:2    | Killed an orc warlord
 25018 | Orc:2    | Found Gicu's Antique Armour Emporium.
 25019 | Orc:2    | Found a roughly hewn altar of Beogh.
 25022 | Orc:2    | Found Epetar's Antique Weapon Shoppe.
 25035 | Orc:2    | Bought an embroidered scarf for 248 gold pieces
 25222 | D:13     | Noticed Urug
 25237 | D:13     | Killed Urug
 25385 | D:13     | Noticed Rupert
 25401 | D:13     | Killed Rupert
 25485 | D:13     | Found Xuam Zesa's Antique Armour Boutique.
 25512 | D:13     | Received a gift from Trog
 25535 | D:13     | Bought a twisted hat for 225 gold pieces
 25535 | D:13     | Identified the +0 hat "Huom" {MR+++ Regen+ Str+3 Int-2} (You bought it in a shop on level 13 of the Dungeon)
 26160 | D:14     | Found a gate to the Vaults.
 26244 | D:14     | Found Wouroym's Book Shoppe.
 26670 | D:15     | Entered Level 15 of the Dungeon
 27811 | D:15     | Found a staircase to the Depths.
 27827 | D:15     | Reached ****** piety under Trog
 28021 | Swamp:1  | Entered Level 1 of the Swamp
 28044 | Swamp:1  | Reached XP level 16. HP: 157/157 MP: 18/18
 28098 | Swamp:1  | Received a gift from Trog
 29351 | Swamp:2  | Noticed Donald
 29371 | Swamp:2  | Killed Donald
 30193 | Swamp:3  | Found a sacrificial altar of Ru.
 30344 | Swamp:4  | Entered Level 4 of the Swamp
 30359 | Swamp:4  | Received a gift from Trog
 30639 | Swamp:4  | Noticed Louise
 30658 | Swamp:4  | Killed Louise
 30763 | Swamp:4  | Received a gift from Trog
 30884 | Swamp:4  | Got a decaying rune of Zot
 31137 | Elf:1    | Entered Level 1 of the Elven Halls
 31153 | Elf:1    | Reached XP level 17. HP: 173/173 MP: 19/19
 31548 | Elf:1    | Received a gift from Trog
 32286 | Elf:2    | Found a runed gate.
 32286 | Elf:2    | Found a runed gate.
 32591 | Elf:2    | Found a ruined gateway.
 32599 | Desolati | Entered the Desolation of Salt
 33083 | Elf:2    | Found a runed gate.
 33104 | Elf:2    | Received a gift from Trog
 33160 | Elf:2    | Noticed Aizul
 33178 | Elf:2    | Killed Aizul
 34099 | Elf:3    | Entered Level 3 of the Elven Halls
 34144 | Elf:3    | Reached XP level 18. HP: 149/184 MP: 6/20
 34326 | Elf:3    | Received a gift from Trog
 34655 | Spider:1 | Entered Level 1 of the Spider Nest
 34818 | Spider:1 | Noticed Roxanne
 35093 | Spider:1 | Killed Roxanne
 35314 | Spider:2 | Paralysed by a hornet for 3 turns
 35368 | Spider:2 | Received a gift from Trog
 36926 | Spider:3 | Received a gift from Trog
 37185 | Spider:4 | Entered Level 4 of the Spider Nest
 37243 | Spider:4 | Received a gift from Trog
 37601 | Spider:4 | Noticed Arachne
 37608 | Spider:4 | Killed Arachne
 37745 | Spider:4 | Reached XP level 19. HP: 58/191 MP: 21/21
 37965 | Spider:4 | Got a gossamer rune of Zot
 39165 | Elf:3    | Reached skill level 10 in Dodging
 39214 | Elf:3    | Received a gift from Trog
 40609 | Elf:3    | Got a wavering garnet amulet
 40773 | Elf:3    | Identified the Almanac of Dusty Protection
 40898 | Elf:3    | Identified the +3 scale mail of Demons {rElec} (You found it on level 3 of the Elven Halls)
 40900 | Elf:3    | Identified the amulet "Ecosab" {Faith rElec Str+4} (You took it off a deep elf sorcerer on level 3 of the Elven Halls)
 41327 | Vaults:1 | Entered Level 1 of the Vaults
 41619 | Vaults:1 | Found Jaeczar's Antique Armour Boutique.
 41714 | Vaults:1 | Reached skill level 15 in Dodging
 41751 | Vaults:1 | Received a gift from Trog
 41777 | Vaults:1 | Reached XP level 20. HP: 195/200 MP: 22/22
 41818 | Vaults:1 | Found Ujiw's Magic Scroll Emporium.
 41828 | Vaults:1 | Bought a scroll of enchant weapon for 142 gold pieces
 41828 | Vaults:1 | Bought a scroll of magic mapping for 66 gold pieces
 41828 | Vaults:1 | Bought a scroll of teleportation for 57 gold pieces
 41828 | Vaults:1 | Bought a scroll of teleportation for 57 gold pieces
 42333 | Vaults:1 | Received a gift from Trog
 42639 | Vaults:1 | Found Dipust's Magic Scroll Boutique.
 42657 | Vaults:1 | Bought a scroll of teleportation for 36 gold pieces
 43198 | Vaults:2 | Found a flickering gateway to a bazaar.
 43207 | Bazaar   | Entered a bazaar
 43207 | Bazaar   | Found Ledwe's General Store.
 43216 | Bazaar   | Found Honoskesie's Gadget Boutique.
 43224 | Bazaar   | Found Siofoki's Distillery.
 43246 | Bazaar   | Found Zyfulul's Antique Armour Shop.
 43256 | Bazaar   | Bought a pair of runed gloves for 165 gold pieces
 43256 | Bazaar   | Bought a glowing plate armour for 572 gold pieces
 43256 | Bazaar   | Found Kegiunet's Antique Weapon Shop.
 43316 | Bazaar   | Bought a potion of heal wounds for 55 gold pieces
 43316 | Bazaar   | Bought a potion of agility for 44 gold pieces
 43316 | Bazaar   | Bought a potion of agility for 44 gold pieces
 43316 | Bazaar   | Bought a potion of resistance for 110 gold pieces
 43316 | Bazaar   | Bought a potion of heal wounds for 55 gold pieces
 43393 | Vaults:2 | Noticed Boris
 43407 | Vaults:2 | Killed Boris
 43465 | Vaults:2 | Received a gift from Trog
 43791 | Vaults:2 | Received a gift from Trog
 43918 | Vaults:2 | Received a gift from Trog
 44086 | Vaults:2 | Found a staircase to the Crypt.
 44690 | Vaults:2 | Received a gift from Trog
 44693 | Vaults:2 | Identified the +4 hand axe of Savunk {chop, Str+4} (Trog gifted it to you on level 2 of the Vaults)
 44698 | Vaults:2 | Reached XP level 21. HP: 207/207 MP: 23/23
 45042 | Vaults:3 | Noticed Jory
 45056 | Vaults:3 | Killed Jory
 45169 | Vaults:3 | Noticed Xtahua
 45176 | Vaults:3 | Killed Xtahua
 45272 | Vaults:3 | Noticed Mennas
 46196 | Vaults:4 | Received a gift from Trog
 46509 | Vaults:4 | Received a gift from Trog
 46635 | Vaults:5 | Entered Level 5 of the Vaults
 46850 | Vaults:3 | Killed Mennas
 47434 | Vaults:1 | Received a gift from Trog
 47542 | Depths:1 | Entered Level 1 of the Depths
 47553 | Depths:1 | Reached XP level 22. HP: 206/215 MP: 24/24
 47997 | Depths:1 | Found a gateway to Hell.
 48141 | Depths:1 | Found a one-way gate to the infinite horrors of the Abyss.
 48308 | Depths:2 | Received a gift from Trog
 48925 | Depths:2 | Received a gift from Trog
 49043 | Depths:2 | Noticed a caustic shrike
 49054 | Depths:2 | Killed a caustic shrike
 49170 | Depths:2 | Noticed a golden dragon
 49196 | Depths:2 | Killed a golden dragon
 49871 | Depths:3 | Noticed Savaroth's ghost (adept MiBe)
 49896 | Depths:3 | Killed Savaroth's ghost
 50131 | Depths:3 | Reached XP level 23. HP: 213/223 MP: 25/25
 50596 | Depths:3 | Noticed the Enchantress
 50622 | Depths:3 | Killed the Enchantress
 50716 | Depths:3 | Found a gateway to a ziggurat.
 50773 | Depths:3 | Found a one-way gate leading to the halls of Pandemonium.
 51029 | Depths:3 | Received a gift from Trog
 51361 | Depths:4 | HP: 10/232 [spriggan air mage/the air (17)]
 51738 | Depths:4 | Noticed a caustic shrike
 51746 | Depths:4 | Killed a caustic shrike
 51746 | Depths:4 | Reached XP level 24. HP: 205/242 MP: 25/25
 51849 | Depths:4 | Paralysed by a floating eye for 3 turns
 51858 | Depths:4 | Paralysed by a floating eye for 4 turns
 52093 | Depths:4 | Received a gift from Trog
 52292 | Depths:4 | Found a runed door.
 52294 | Depths:4 | Noticed a juggernaut
 52301 | Depths:4 | Found a runed door.
 52303 | Depths:4 | Found a runed door.
 52325 | Depths:4 | Killed a juggernaut
 52448 | Depths:4 | Received a gift from Trog
 52508 | Depths:4 | Found a burning altar of Makhleb.
 52516 | Depths:4 | Reached skill level 27 in Fighting
 52618 | Depths:4 | Found a sacrificial altar of Ru.
 52637 | Depths:4 | Found a radiant altar of Vehumet.
 52672 | Depths:4 | Found a deep blue altar of Sif Muna.
 52674 | Depths:4 | Found an iron altar of Okawaru.
 53287 | Depths:5 | Entered Level 5 of the Depths
 53294 | Depths:5 | Received a gift from Trog
 53457 | Depths:5 | Reached XP level 25. HP: 257/257 MP: 25/25
 53575 | Depths:5 | Found a gate to the Realm of Zot.
 53648 | Depths:5 | Received a gift from Trog
 53933 | Depths:5 | Found Zebat's Jewellery Shoppe.
 53933 | Depths:5 | Found Ugeowkan's Gadget Boutique.
 53934 | Depths:5 | Found Ynoim's Jewellery Shoppe.
 54502 | Vaults:5 | Received a gift from Trog
 54512 | Vaults:5 | Reached skill level 27 in Armour
 54814 | Vaults:5 | Noticed Artagas's ghost (adept HOMo)
 54835 | Vaults:5 | Killed Artagas's ghost
 54908 | Vaults:5 | Received a gift from Trog
 54989 | Vaults:5 | Noticed Saint Roka
 55227 | Vaults:5 | Killed Saint Roka
 55407 | Vaults:5 | Received a gift from Trog
 55844 | Vaults:5 | Reached XP level 26. HP: 145/266 MP: 25/25
 56123 | Vaults:5 | Got a silver rune of Zot
 56487 | Zot:1    | Entered Level 1 of the Realm of Zot
 56495 | Zot:1    | Received a gift from Trog
 56497 | Zot:1    | Noticed an orb of fire
 56513 | Zot:1    | Gained mutation: Armour fits poorly on your strangely shaped body. [an orb of fire]
 56517 | Zot:1    | Killed an orb of fire
 56521 | Zot:1    | Identified the +8 battleaxe of Kueng {elec, rPois rN++ Dex-3 SInv} (Trog gifted it to you on level 1 of the Realm of Zot)
 57254 | Zot:2    | Noticed an orb of fire
 57255 | Zot:2    | Gained mutation: Your spells are a little easier to cast, but a little less powerful. [an orb of fire]
 57268 | Zot:2    | Gained mutation: Your system is resistant to poisons. (rPois) [an orb of fire]
 57273 | Zot:2    | Killed an orb of fire
 57693 | Zot:2    | Identified the +3 plate armour "Doffydog" {rPois Int-2 Dex+3} (You found it on level 2 of the Realm of Zot)
 57762 | Zot:2    | Noticed Rhok's ghost (veteran BaFi)
 57783 | Zot:2    | Killed Rhok's ghost
 57791 | Zot:2    | Received a gift from Trog
 57794 | Zot:2    | HP: 13/266 [electric golem/bolt of lightning (12)]
 59462 | Zot:3    | Received a gift from Trog
 59778 | Zot:4    | Reached XP level 27. HP: 265/273 MP: 25/25
 60145 | Zot:4    | Noticed an orb of fire
 60163 | Zot:4    | Killed an orb of fire
 60817 | Zot:5    | Entered Level 5 of the Realm of Zot
 60985 | Zot:5    | Cast into level 3 of the Abyss (black draconian shifter)
 61117 | Zot:5    | Escaped the Abyss
 61336 | Zot:5    | Noticed an ancient lich
 61342 | Zot:5    | Killed an ancient lich
 61370 | Zot:5    | Paralysed by a Zot trap for 4 turns
 61388 | Zot:5    | Gained mutation: Your magical capacity is low. (-10% MP) [mutagenic glow]
 61409 | Zot:5    | Noticed an orb of fire
 61415 | Zot:5    | Gained mutation: Your spells are easier to cast, but less powerful. [an orb of fire]
 61419 | Zot:5    | Lost intelligence.
 61419 | Zot:5    | Gained mutation: You are dopey. (Int -2) [an orb of fire]
 61426 | Zot:5    | Gained mutation: Scrolls take you a little longer to read. [an orb of fire]
 61427 | Zot:5    | Killed an orb of fire
 61427 | Zot:5    | Reached skill level 27 in Dodging
 61465 | Zot:5    | Noticed an ancient lich
 61486 | Zot:5    | Killed an ancient lich
 61529 | Zot:5    | Lost mutation: Armour fits poorly on your strangely shaped body. [potion of mutation]
 61529 | Zot:5    | Lost mutation: Your spells are easier to cast, but less powerful. [potion of mutation]
 61529 | Zot:5    | Lost mutation: Scrolls take you a little longer to read. [potion of mutation]
 61529 | Zot:5    | Gained mutation: You have a beak for a mouth. [potion of mutation]
 61529 | Zot:5    | Gained mutation: You can translocate small distances at will. [potion of mutation]
 61529 | Zot:5    | Gained mutation: Your muscles are strong. (Str +2) [potion of mutation]
 61530 | Zot:5    | Lost mutation: You are dopey. (Int -2) [potion of mutation]
 61530 | Zot:5    | Lost mutation: You passively map a small area around you. [potion of mutation]
 61530 | Zot:5    | Lost mutation: Your spells are a little easier to cast, but a little less powerful. [potion of mutation]
 61530 | Zot:5    | Lost mutation: You can translocate small distances at will. [potion of mutation]
 61530 | Zot:5    | Lost mutation: Your system is resistant to poisons. (rPois) [potion of mutation]
 61530 | Zot:5    | Gained mutation: You are partially covered in large bone plates. (SH +4) [potion of mutation]
 61530 | Zot:5    | Gained mutation: You are frail. (-10% HP) [potion of mutation]
 61530 | Zot:5    | Gained mutation: Potions are less effective at restoring your health. [potion of mutation]
 61530 | Zot:5    | Gained mutation: You can translocate small distances at will. [potion of mutation]
 61744 | Zot:5    | Received a gift from Trog
 61759 | Zot:5    | Noticed an orb of fire
 61770 | Zot:5    | Gained mutation: Your muscles are very strong. (Str +4) [an orb of fire]
 61772 | Zot:5    | Killed an orb of fire
 61772 | Zot:5    | Reached skill level 27 in Axes
 61797 | Zot:5    | Reached skill level 5 in Maces & Flails
 61961 | Zot:5    | Noticed an orb of fire
 61974 | Zot:5    | Killed an orb of fire
 61976 | Zot:5    | Reached skill level 10 in Maces & Flails
 62228 | Zot:5    | Got the Orb of Zot
 62260 | Zot:5    | Noticed an orb of fire
 62265 | Zot:5    | Gained mutation: You occasionally shout uncontrollably at your foes. [an orb of fire]
 62278 | Zot:5    | Lost mutation: You occasionally shout uncontrollably at your foes. [an orb of fire]
 62280 | Zot:5    | Killed an orb of fire
 62547 | Depths:2 | Noticed Bemeluh the pandemonium lord
 62595 | Depths:2 | Noticed Faeb Ade the pandemonium lord
 63296 | D:$      | Escaped with the Orb!

Skill      XL: |  1  2  3  4  5  6  7  8  9 10 11 12 13 14 15 16 17 18 19 20 21 22 23 24 25 26 27 |
---------------+----------------------------------------------------------------------------------+-----
Axes           | 4 5 7 8 9 11 14 16 19 20 21 23 24 26 27 | 27.0
Fighting       | 11 15 17 21 22 25 27 | 27.0
Armour         | 5 11 15 17 18 20 23 24 25 27 | 27.0
Evocations     | 2 4 |  4.0
Dodging        | 6 9 15 19 21 25 27 | 27.0
Maces & Flails | 13 | 13.4

Action                   |  1- 3 |  4- 6 |  7- 9 | 10-12 | 13-15 | 16-18 | 19-21 | 22-24 | 25-27 || total
-------------------------+-------+-------+-------+-------+-------+-------+-------+-------+-------++-------
Melee: Hand axe          |    94 |   110 |   408 |       |       |       |       |       |       ||   612
       Headbutt          |     8 |    21 |    69 |   134 |   330 |   316 |   372 |   344 |   356 ||  1950
       War axe           |       |       |       |   251 |       |       |       |       |       ||   251
       Battleaxe         |       |       |       |   325 |  1187 |  1067 |   367 |       |       ||  2946
       Executioner's axe |       |       |       |       |       |   167 |   926 |   964 |  1119 ||  3176
       Peck              |       |       |       |       |       |       |       |       |    37 ||    37
Invok: Berserk           |       |     2 |     3 |    10 |     9 |     4 |     4 |     2 |     3 ||    37
       Burn Spellbooks   |       |       |     1 |       |       |     2 |     3 |     7 |     1 ||    14
       Trog's Hand       |       |       |     1 |       |       |       |     3 |       |       ||     4
       Brothers in Arms  |       |       |       |     3 |    15 |    22 |    23 |     6 |     5 ||    74
Evoke: Wand              |       |       |       |     3 |       |       |       |       |     2 ||     5
  Use: Scroll            |       |       |     8 |     5 |    19 |     7 |    23 |     9 |    25 ||    96
       Potion            |       |       |     6 |     2 |     7 |       |     9 |     1 |    15 ||    40
 Stab: Distracted        |       |       |       |       |       |     2 |     4 |     1 |     2 ||     9
       Confused          |       |       |       |       |       |       |       |     4 |       ||     4
  Eat: Chunk             |       |     8 |    14 |    19 |    43 |    24 |    15 |    19 |     7 ||   149
       Bread ration      |       |       |     1 |     3 |     1 |     2 |     3 |       |       ||    10
       Royal jelly       |       |       |     1 |       |     1 |     7 |     4 |       |     6 ||    19
       Fruit             |       |       |       |     1 |     9 |     5 |     7 |     1 |     3 ||    26
       Meat ration       |       |       |       |       |     2 |       |     1 |     1 |     3 ||     7
Armor: Animal skin       |    19 |       |       |       |       |       |       |       |       ||    19
       Chain mail        |       |    39 |    23 |       |       |       |       |       |       ||    62
       Scale mail        |       |       |   128 |    15 |       |       |       |       |       ||   143
       Skin              |       |       |    10 |       |       |       |       |       |       ||    10
       Plate armour      |       |       |       |   262 |   586 |   893 |   353 |       |       ||  2094
       Gold dragon scale |       |       |       |       |       |       |   178 |   427 |   484 ||  1089
Dodge: Dodged            |    56 |    39 |   137 |   172 |   620 |  1092 |  1032 |   957 |  1248 ||  5353
Block: Other             |       |       |       |    13 |   115 |   145 |    23 |       |    21 ||   317
       Reflection        |       |       |       |     3 |     2 |     2 |     2 |       |       ||     9
